Map: Blackburn LE

Players

Gerald

  • Race: Protoss Protoss

souL - Winner!

  • Race: Terran Terran

Event: DreamHack SC2 Masters 2021 Fall

VOD

Have the link to the VOD?

Description

Time

  • Played on: Aug. 11, 2021, 1:47 p.m.
  • Length: 11:01

All games in this series

Show
View Real Time Build Order
Export as new Build Order

Gerald Protoss 

Build Orders: 1 Gate Expand, Oracle Opening, Phoenix Opening 

Get SALT Encoding   

  12  0:00  Probe  
  13  0:12  Probe  
  14  0:17  Pylon  
  14  0:24  Probe (Chrono Boost)  
  16  0:36  Probe (Chrono Boost)  
  16  0:37  Gateway  
  16  0:43  Probe (Chrono Boost)  
  16  0:47  Assimilator  
  17  0:52  Probe  
  18  1:04  Probe  
  19  1:16  Probe  
  20  1:24  Cybernetics Core  
  20  1:28  Probe  
  21  1:43  Nexus  
  21  1:51  Pylon  
  21  1:55  Probe  
  21  2:00  Assimilator  
  22  2:06  Adept (Chrono Boost)  
  22  2:09  Probe  
  25  2:21  Probe  
  26  2:29  Stargate  
  26  2:32  Adept (Chrono Boost)  
  26  2:33  Probe  
  29  2:43  Warp Gate  
  29  2:45  Probe  
  29  2:50  Gateway  
  30  2:57  Probe x2  
  32  3:10  Oracle (Chrono Boost), Probe x2  
  37  3:22  Probe x2  
  37  3:24  Gateway  
  39  3:34  Probe x2  
  41  3:36  Twilight Council, Assimilator  
  41  3:46  Probe  
  41  3:48  Phoenix  
  44  3:49  Probe  
  45  3:56  Pylon  
  45  3:58  Probe  
  40  4:17  Probe  
  40  4:18  Probe  
  42  4:30  Probe x2  
  44  4:31  Adept  
  44  4:32  Adept x2  
  50  4:42  Probe x2  
  52  4:49  Nexus  
  52  4:54  Blink, Probe x2  
  54  5:16  Pylon  
  54  5:18  Probe x2  
  54  5:19  Robotics Facility  
  54  5:30  Probe x2  
  54  5:31  Stalker x3  
  47  5:42  Probe x2  
  47  5:47  Oracle (Chrono Boost)  
  50  5:52  Forge  
  50  5:54  Probe (Chrono Boost)  
  52  5:59  Probe (Chrono Boost)  
  46  6:06  Probe (Chrono Boost)  
  48  6:13  Probe x2 (Chrono Boost)  
  48  6:16  Stalker  
  49  6:20  Probe (Chrono Boost)  
  45  6:31  Probe (Chrono Boost)  
  45  6:32  Probe (Chrono Boost)  
  45  6:37  Probe (Chrono Boost)  
  45  6:39  Probe (Chrono Boost)  
  47  6:40  Photon Cannon  
  44  6:47  Probe (Chrono Boost)  
  44  6:49  Probe (Chrono Boost)  
  44  6:53  Photon Cannon  
  46  6:58  Probe (Chrono Boost)  
  46  7:00  Probe (Chrono Boost)  
  46  7:03  Probe (Chrono Boost)  
  46  7:05  Stalker, Probe (Chrono Boost)  
  46  7:07  Observer  
  46  7:08  Probe  
  52  7:13  Probe  
  53  7:15  Probe  
  54  7:24  Pylon  
  54  7:28  Robotics Bay, Probe (Chrono Boost)  
  54  7:29  Probe (Chrono Boost)  
  56  7:30  Protoss Ground Weapons Level 1  
  56  7:36  Stalker  
  57  7:37  Probe (Chrono Boost)  
  57  7:40  Stalker, Probe (Chrono Boost)  
  57  7:43  Probe (Chrono Boost)  
  50  7:53  Probe (Chrono Boost)  
  50  7:54  Probe (Chrono Boost)  
  50  7:55  Probe (Chrono Boost)  
  52  8:02  Probe (Chrono Boost)  
  52  8:03  Probe (Chrono Boost)  
  52  8:05  Stalker x2, Probe (Chrono Boost)  
  59  8:07  Probe (Chrono Boost)  
  60  8:18  Probe (Chrono Boost)  
  60  8:19  Probe (Chrono Boost)  
  61  8:23  Probe (Chrono Boost)  
  62  8:28  Probe (Chrono Boost)  
  62  8:29  Probe (Chrono Boost)  
  62  8:31  Probe (Chrono Boost)  
  64  8:35  Probe  
  64  8:38  Probe  
  66  8:42  Pylon, Probe  
  66  8:46  Colossus  
  66  8:47  Probe  
  74  8:50  Probe  
  74  8:54  Probe  
  76  9:01  Stalker x2, Probe  
  81  9:04  Photon Cannon  
  81  9:07  Probe  
  81  9:08  Stalker  
  81  9:09  Probe  
  85  9:11  Shield Battery  
  85  9:13  Probe  
  82  9:35  Probe  
  82  9:36  Probe  
  82  9:37  Pylon  
  76  9:43  Stalker x3  
  76  9:45  Probe  
  81  9:47  Gateway  
  81  9:48  Probe  
  81  9:50  Probe  
  81  9:53  Pylon  
  81  9:57  Photon Cannon x2, Probe  
  81  9:58  Shield Battery, Immortal (Chrono Boost)  
  82  10:02  Pylon  
  82  10:03  Probe  
  87  10:08  Assimilator  
  87  10:11  Stalker  
  87  10:12  Stalker  
  87  10:13  Zealot  
  86  10:34  Zealot x2  
  85  10:36  Zealot  
  85  10:40  Probe  
  80  10:48  Probe  
  65  10:56  Stalker x3  
Show
View Real Time Build Order
Export as new Build Order

souL Terran - Winner!

Build Orders:  

Get SALT Encoding   

  12  0:00  SCV  
  13  0:12  SCV  
  14  0:17  Supply Depot  
  14  0:24  SCV  
  15  0:38  SCV  
  15  0:40  Barracks  
  16  0:50  SCV  
  16  0:52  Refinery  
  17  1:03  SCV  
  18  1:05  Engineering Bay  
  18  1:17  SCV  
  19  1:29  Marine  
  19  1:30  Orbital Command  
  19  1:47  Barracks Reactor  
  19  1:50  Command Center  
  19  1:56  SCV  
  20  2:05  Supply Depot  
  20  2:08  SCV  
  21  2:17  Factory  
  21  2:23  Marine x2  
  21  2:26  SCV  
  24  2:33  Refinery  
  24  2:38  SCV  
  24  2:40  Marine x2  
  27  2:50  SCV  
  28  3:02  Starport  
  28  3:03  SCV  
  29  3:07  Orbital Command  
  29  3:12  Hellion x2  
  32  3:18  SCV  
  33  3:31  SCV  
  33  3:33  Widow Mine x2  
  39  3:34  SCV  
  39  3:43  Supply Depot, SCV  
  41  3:53  Medivac  
  41  3:55  Widow Mine  
  45  3:56  Widow Mine  
  45  3:58  Armory  
  46  4:04  SCV x2  
  46  4:16  SCV x2  
  43  4:17  Widow Mine  
  43  4:18  Widow Mine  
  43  4:19  Marine  
  43  4:21  Bunker  
  46  4:24  Medivac  
  46  4:28  SCV  
  46  4:29  SCV  
  46  4:30  Supply Depot  
  50  4:41  SCV x2  
  52  4:48  Widow Mine  
  52  4:49  Widow Mine  
  52  4:53  SCV x2  
  52  4:54  Supply Depot  
  52  4:55  Supply Depot  
  50  5:02  Medivac  
  50  5:05  SCV x2  
  54  5:07  Supply Depot  
  52  5:17  SCV x2  
  52  5:19  Widow Mine x2  
  53  5:29  SCV x2  
  51  5:41  SCV x2, Widow Mine  
  54  5:46  Widow Mine  
  55  5:53  SCV x2  
  57  6:00  Barracks Tech Lab  
  57  6:05  SCV  
  57  6:06  SCV  
  59  6:17  SCV  
  59  6:18  SCV  
  61  6:19  Widow Mine  
  61  6:26  Medivac  
  61  6:28  Stimpack  
  61  6:29  SCV  
  61  6:30  SCV  
  59  6:33  Barracks  
  59  6:37  Barracks  
  57  6:42  SCV x2  
  57  6:46  Widow Mine x2  
  61  6:47  Marauder  
  61  6:52  Refinery  
  61  6:54  SCV x2  
  64  6:55  Engineering Bay  
  64  6:56  Refinery  
  63  7:06  SCV x2  
  63  7:11  Barracks  
  63  7:12  Barracks, Starport Reactor  
  63  7:14  Marauder  
  65  7:18  SCV x2, Factory Tech Lab  
  67  7:25  Terran Infantry Weapons Level 1  
  67  7:30  SCV x2  
  67  7:35  Barracks Tech Lab  
  67  7:36  Marine, Siege Tank  
  67  7:37  Marine x2  
  73  7:42  SCV  
  72  7:54  Marine x3  
  72  7:55  Medivac x2  
  72  7:57  Marine, Command Center  
  79  8:00  Supply Depot  
  79  8:01  Barracks Reactor, Barracks Tech Lab  
  78  8:12  Marine x2  
  77  8:13  Marauder  
  77  8:16  Marauder  
  78  8:21  SCV x2  
  78  8:22  Supply Depot x2, Concussive Shells  
  80  8:30  Marine x2, Supply Depot x2  
  80  8:32  Medivac  
  80  8:33  SCV x2, Marauder  
  88  8:34  Marauder  
  88  8:38  Marine, Marauder  
  93  8:45  SCV  
  94  8:48  SCV  
  94  8:50  Marine  
  94  8:55  Marauder  
  98  8:56  Marine, Refinery, Marauder  
  98  8:58  SCV  
  98  8:59  Refinery  
  98  9:01  Marine, Marauder  
  102  9:05  Medivac  
  104  9:14  SCV x2  
  104  9:16  Marauder  
  108  9:17  Marine, Medivac  
  108  9:18  Marauder  
  108  9:19  Marine  
  108  9:23  Marauder  
  115  9:26  Marine, SCV  
  115  9:27  Combat Shield  
  115  9:28  Marine  
  117  9:35  Marine, Medivac  
  117  9:37  Marine, Marauder  
  121  9:42  Marine  
  121  9:44  Marauder  
  124  9:47  Medivac  
  124  9:48  Orbital Command  
  124  9:49  Marine  
  124  9:52  Widow Mine  
  129  9:59  Marauder  
  131  10:00  SCV  
  131  10:04  Marine  
  131  10:05  Engineering Bay, Marauder  
  131  10:06  Ghost Academy  
  135  10:09  SCV  
  135  10:12  Marine  
  135  10:13  Widow Mine  
  135  10:14  Barracks Tech Lab  
  139  10:16  SCV  
  132  10:22  Marine, Marauder  
  132  10:23  Marine  
  132  10:26  Medivac  
  132  10:27  Marine, Marauder  
  134  10:34  Marine  

Tags
 
Add a new tag
Caveats
  • Supply blocks, unpowered buildings, or Contaminate may cause inaccurate times.
  • Supply counts are checked every 10 seconds.